AoeStats
← Macbein

Arabia

510110077Analyzed
1v1 RM · 1d ago on Sep 29, 2026· 24m 54s· 2 players
Game mode
Random Map
Map size
Tiny (2 player)
Population
200
Speed
Normal
Resources
Standard
Victory
Conquest
Starting age
Dark Age
Ending age
Imperial Age
RankedLock teamsTeams togetherTeam positionsShared explorationLock speedFull tech treeHidden civsTurbo modeCheats
Victory
Defeat
🇪🇸 Mongols · Spain
1002
+17
🇬🇧 Ethiopians · United Kingdom
1031
-17
Macbein
10:12 Feudal Age
12:15 Loom
16:07 Castle Age
17:03 Town Watch
21:09 Elite Skirmisher
22:24 Fletching
GreenNinja44194
3:44 Loom
9:40 Feudal Age
10:13 Double-Bit Axe
13:14 Fletching
13:25 Padded Archer Armor
23:43 Scale Barding Armor
Connection lost

Rejoining the realm…

Still unreachable

The connection could not be restored.

Session expired

The server has moved on; the page needs a fresh start.